Capitals vs Kings

Created - February-16-13 at 11:05

Goals
1 2 3 T
Capitals 1 1 0 2
Kings 1 0 3 4
Shots
1 2 3 T
Capitals 16 6 8 30
Kings 6 6 11 23

1st period

1. Kings , Ryan Johansen 6 (Luke Adam, Matt Taormina) at 1:48
2. Capitals , Alexander Ovechkin 27 (Willie Mitchell, David Desharnais) at 3:46

Penalties :
Wojtek Wolski (LOS) for Roughing (Minor) at 11:45, Jonathan Quick (LOS) for Slashing (Minor) at 16:37 - Erik Condra served the penalty.

2nd period

3. Capitals , Alexander Ovechkin 28 (Ryane Clowe, Alexander Semin) at 11:01 (PP)

Penalties :
Jeff Halpern (WSH) for Tripping (Minor) at 1:34, Jonathon Blum (LOS) for Boarding (Minor) at 10:00, Antoine Vermette (LOS) for Hooking (Minor) at 18:57

3rd period

4. Kings , Michael Frolik 6 (Justin Faulk, Brian Boyle) at 5:48
5. Kings , Matt Duchene 13 (Antoine Vermette, Sergei Gonchar) at 11:46
6. Kings , Matt Duchene 14 (Erik Condra, Antoine Vermette) at 18:03

Penalties :
Cory Sarich (WSH) for Interference (Minor) at 14:14, Alexander Ovechkin (WSH) for Interference (Minor) at 18:49

Goalie Stats

Jimmy Howard (WSH), 19 saves from 23 shots - (0.826), L, 22-14-6, 60:00 minutes
Jonathan Quick (LOS), 28 saves from 30 shots - (0.933), W, 20-18-4, 60:00 minutes

Players Stats for Capitals

Player Name              G  A  P  +/- PIM S  H  SB GA TA FO     MP     PP MP  PK MP  
------------------------------------------------------------------------------------
Alexander Ovechkin       2  0  2   1  2   8  6  1  0  0  0/1    21:10   4:09   2:10 
Alexander Semin          0  1  1   1  0   4  0  0  0  0  1/2    20:13   4:28   0:53 
Andrew Desjardins        0  0  0  -1  0   0  4  0  0  0  8/17   19:24   2:49   2:05 
Cory Sarich              0  0  0  -1  2   0  1  0  0  0  0/0     7:07   0:00   0:00 
David Desharnais         0  1  1   1  0   0  0  0  0  0  10/21  19:01   4:09   0:00 
Douglas Murray           0  0  0  -1  0   1  1  0  0  0  0/0    22:55   0:00   1:47 
Jeff Halpern             0  0  0  -1  2   1  1  0  0  0  3/5    16:38   0:00   2:09 
Jiri Tlusty              0  0  0   0  0   2  2  0  0  0  0/2     9:14   2:49   0:00 
Kimmo Timonen            0  0  0   0  0   0  3  2  0  0  0/0    23:30   0:00   2:13 
Marc Methot              0  0  0   0  0   0  0  0  0  0  0/0     6:48   2:30   0:48 
Mathieu Perreault        0  0  0  -3  0   4  0  1  0  0  10/21  15:39   2:49   0:43 
Matt Stajan              0  0  0   0  0   0  0  0  0  0  4/8     7:48   0:00   1:23 
Mike Green               0  0  0   0  0   1  1  1  0  0  0/0    21:33   4:28   0:00 
Ryan McDonagh            0  0  0  -3  0   2  0  0  0  0  0/0    19:48   2:30   2:55 
Ryane Clowe              0  1  1  -3  0   3  2  0  0  0  0/0    23:24   4:09   0:43 
Taylor Hall              0  0  0  -3  0   2  0  0  0  0  0/0    12:17   0:00   0:10 
Tomas Fleischmann        0  0  0  -1  0   1  0  0  0  0  2/2    14:30   0:00   0:00 
Willie Mitchell          0  1  1  -1  0   1  0  1  0  0  0/0    13:50   0:00   2:33 

Players Stats for Kings

Player Name              G  A  P  +/- PIM S  H  SB GA TA FO     MP     PP MP  PK MP  
------------------------------------------------------------------------------------
Antoine Vermette         0  2  2   2  2   1  2  0  0  0  21/33  24:10   1:39   3:22 
Brian Boyle              0  1  1   0  0   3  3  0  0  0  7/16   21:25   2:33   3:59 
Erik Condra              0  1  1   2  0   1  1  0  0  0  1/1    15:59   0:00   0:55 
Jamie McBain             0  0  0   0  0   0  0  0  0  0  0/0    20:35   1:57   2:55 
Jarret Stoll             0  0  0   0  0   1  0  0  0  0  1/2     5:50   0:00   0:37 
Joe Corvo                0  0  0   0  0   0  0  0  0  0  0/0     0:56   0:56   0:00 
Jonathon Blum            0  0  0   1  2   1  2  0  0  0  0/0    14:29   0:00   0:00 
Justin Faulk             0  1  1   0  0   2  1  0  0  0  0/0    20:35   1:57   2:55 
Luke Adam                0  1  1   1  0   1  0  0  0  0  4/14   15:52   2:35   0:00 
Matt Duchene             2  0  2   2  0   4  0  0  0  0  1/1    18:21   1:37   1:40 
Matt Hendricks           0  0  0   0  0   0  0  0  0  0  1/3     4:39   0:00   0:00 
Matt Taormina            0  1  1   1  0   0  1  2  0  0  0/0    15:26   0:56   0:00 
Michael Frolik           1  0  1   0  0   5  0  0  0  0  0/0    17:26   2:33   0:00 
Ryan Johansen            1  0  1   1  0   2  2  0  0  0  0/2    15:57   0:56   1:43 
Sean Bergenheim          0  0  0   0  0   0  1  0  0  0  3/5    19:08   2:35   1:40 
Sergei Gonchar           0  1  1   2  0   1  0  4  0  0  0/0    23:59   2:15   4:03 
Vyacheslav Voynov        0  0  0   2  0   0  1  2  0  0  0/0    23:59   2:15   4:03 
Wojtek Wolski            0  0  0   1  2   1  3  0  0  0  2/2    14:13   0:56   0:00 

3 Stars

1 - Alexander Ovechkin (WSH)
2 - Matt Duchene (LOS)
3 - Ryan Johansen (LOS)

Power Play

Capitals - 1 on 4 Attempt(s) - 25.00%
Kings - 0 on 3 Attempt(s) - 0.00%

Penalty Kill

Capitals - 3 on 3 Attempt(s) - 100.00% - Score 0 goal in Penalty Kill
Kings - 3 on 4 Attempt(s) - 75.00% - Score 0 goal in Penalty Kill

Official

Referees : Wes McCauley and Marcus Vinnerborg
Linesman : Darren Gibbs and Brad Lazarowich

Game Notes

No Game Note

Finance

Level 1 -- Attendance: 6500 (100.00%) -- Ticket Income $520,000
Level 2 -- Attendance: 5000 (100.00%) -- Ticket Income $250,000
Level 3 -- Attendance: 3291 (94.03%) -- Ticket Income $115,185
Level 4 -- Attendance: 2118 (100.00%) -- Ticket Income $42,360
Luxury Box -- Attendance: 1000 (100.00%) -- Ticket Income $200,000
Game was played at the Staples Center
Total Attendance: 17909 (98.85%)
Total Ticket Income: $1,127,545
Other Income: $169,132
Total Income: $1,296,677


% Time on Ice - Capitals

Lines # - Real PCT - Wanted PCT - Time Play
Normal Forward
1 - 31% - 30% - 14:52
2 - 25% - 28% - 12:07
3 - 30% - 28% - 14:30
4 - 13% - 14% - 6:25
Normal Defense
1 - 34% - 40% - 16:28
2 - 27% - 30% - 13:01
3 - 24% - 20% - 11:17
4 - 15% - 10% - 7:08
PP Forward
1 - 60% - 60% - 4:09
2 - 40% - 40% - 2:49
PP Defense
1 - 64% - 60% - 4:28
2 - 36% - 40% - 2:30
PK Forward
1 - 86% - 60% - 4:25
2 - 14% - 40% - 0:43
PK Defense
1 - 43% - 60% - 2:13
2 - 57% - 40% - 2:55
PK3 Forward
1 - 0% - 60%
2 - 0% - 40%
PK3 Defense
1 - 0% - 60%
2 - 0% - 40%
44 Forward
1 - 0% - 60%
2 - 0% - 40%
44 Defense
1 - 0% - 60%
2 - 0% - 40%
Last Minute Offensive  - 0:00
Last Minute Defensive  - 0:00
Total
Forward - 60:00
Defense - 60:00

% Time on Ice - Kings

Lines # - Real PCT - Wanted PCT - Time Play
Normal Forward
1 - 31% - 40% - 15:04
2 - 31% - 30% - 14:53
3 - 28% - 20% - 13:18
4 - 10% - 10% - 4:39
Normal Defense
1 - 35% - 40% - 16:32
2 - 33% - 30% - 15:43
3 - 30% - 20% - 14:30
4 - 2% - 10% - 1:09
PP Forward
1 - 50% - 60% - 2:35
2 - 50% - 40% - 2:33
PP Defense
1 - 44% - 60% - 2:15
2 - 56% - 40% - 2:53
PK Forward
1 - 76% - 60% - 5:18
2 - 24% - 40% - 1:40
PK Defense
1 - 58% - 60% - 4:03
2 - 42% - 40% - 2:55
PK3 Forward
1 - 0% - 60%
2 - 0% - 40%
PK3 Defense
1 - 0% - 60%
2 - 0% - 40%
44 Forward
1 - 0% - 60%
2 - 0% - 40%
44 Defense
1 - 0% - 60%
2 - 0% - 40%
Last Minute Offensive  - 0:00
Last Minute Defensive  - 0:00
Total
Forward - 60:00
Defense - 60:00

Play by Play

1st period


0:01 of 1st period - David Desharnais wins face-off versus Antoine Vermette in neutral zone.
0:21 of 1st period - Icing by Kimmo Timonen.
0:22 of 1st period - Brian Boyle wins face-off versus David Desharnais in Capitals zone.
1:28 of 1st period - Shot by Ryan Johansen.
1:28 of 1st period - Shot Misses the Net.
1:42 of 1st period - Shot by Wojtek Wolski.
1:42 of 1st period - Shot Blocked by Mathieu Perreault.
1:48 of 1st period - Shot by Luke Adam.
1:48 of 1st period - Deflect By Ryan Johansen.
1:48 of 1st period - Goal by Ryan Johansen - Capitals : 0 - Kings : 1.
1:49 of 1st period - Antoine Vermette wins face-off versus Andrew Desjardins in neutral zone.
1:49 of 1st period - Matt Duchene is hit by Andrew Desjardins and loses puck.
1:56 of 1st period - Vyacheslav Voynov is hit by Jeff Halpern.
2:25 of 1st period - Matt Duchene is hit by Cory Sarich and loses puck.
3:01 of 1st period - Off-side.
3:02 of 1st period - Matt Stajan wins face-off versus Luke Adam in neutral zone.
3:14 of 1st period - Shot by Ryane Clowe.
3:14 of 1st period - Shot Misses the Net.
3:16 of 1st period - Shot by Ryane Clowe.
3:16 of 1st period - Shot Misses the Net.
3:20 of 1st period - Shot by Mike Green.
3:20 of 1st period - Stopped by Jonathan Quick without a rebound.
3:21 of 1st period - David Desharnais wins face-off versus Brian Boyle in Kings zone.
3:28 of 1st period - Shot by Alexander Ovechkin.
3:28 of 1st period - Stopped by Jonathan Quick with a rebound.
3:36 of 1st period - Justin Faulk is hit by Alexander Ovechkin.
3:46 of 1st period - Shot by Alexander Ovechkin.
3:46 of 1st period - Goal by Alexander Ovechkin - Capitals : 1 - Kings : 1.
3:47 of 1st period - Andrew Desjardins wins face-off versus Matt Hendricks in neutral zone.
3:55 of 1st period - Off-side.
3:56 of 1st period - Mathieu Perreault wins face-off versus Antoine Vermette in neutral zone.
4:09 of 1st period - Ryane Clowe is hit by Antoine Vermette and loses puck.
4:45 of 1st period - Icing by Douglas Murray.
4:46 of 1st period - Mathieu Perreault wins face-off versus Brian Boyle in Capitals zone.
4:46 of 1st period - Mathieu Perreault is hit by Sean Bergenheim.
5:07 of 1st period - Justin Faulk is hit by Kimmo Timonen and loses puck.
6:01 of 1st period - Shot by Wojtek Wolski.
6:01 of 1st period - Shot Misses the Net.
6:27 of 1st period - Icing by Marc Methot.
6:28 of 1st period - David Desharnais wins face-off versus Antoine Vermette in Capitals zone.
6:28 of 1st period - David Desharnais is hit by Erik Condra.
6:48 of 1st period - Shot by Antoine Vermette.
6:48 of 1st period - Shot Misses the Net.
7:46 of 1st period - Shot by Ryane Clowe.
7:46 of 1st period - Stopped by Jonathan Quick without a rebound.
7:47 of 1st period - Andrew Desjardins wins face-off versus Luke Adam in Kings zone.
8:22 of 1st period - Icing by Ryan Johansen.
8:23 of 1st period - Mathieu Perreault wins face-off versus Luke Adam in Kings zone.
8:23 of 1st period - Kimmo Timonen is hit by Jonathon Blum and loses puck.
8:43 of 1st period - Icing by Kimmo Timonen.
8:44 of 1st period - Mathieu Perreault wins face-off versus Antoine Vermette in Capitals zone.
8:44 of 1st period - Kimmo Timonen is hit by Antoine Vermette and loses puck.
8:53 of 1st period - Sergei Gonchar is hit by Ryane Clowe and loses puck.
9:01 of 1st period - Icing by Vyacheslav Voynov.
9:02 of 1st period - Antoine Vermette wins face-off versus Andrew Desjardins in Kings zone.
9:19 of 1st period - Antoine Vermette is hit by Douglas Murray and loses puck.
9:33 of 1st period - Icing by Tomas Fleischmann.
9:34 of 1st period - Andrew Desjardins wins face-off versus Brian Boyle in Capitals zone.
9:51 of 1st period - Shot by Tomas Fleischmann.
9:51 of 1st period - Stopped by Jonathan Quick without a rebound.
9:52 of 1st period - Matt Stajan wins face-off versus Luke Adam in Kings zone.
9:55 of 1st period - Shot by Ryane Clowe.
9:55 of 1st period - Stopped by Jonathan Quick without a rebound.
9:56 of 1st period - Matt Stajan wins face-off versus Jarret Stoll in Kings zone.
10:57 of 1st period - Shot by Alexander Ovechkin.
10:57 of 1st period - Stopped by Jonathan Quick without a rebound.
10:58 of 1st period - Tomas Fleischmann wins face-off versus Brian Boyle in Kings zone.
11:45 of 1st period - Minor Penalty to Wojtek Wolski for Roughing.
11:46 of 1st period - David Desharnais wins face-off versus Antoine Vermette in Kings zone.
11:52 of 1st period - Alexander Ovechkin is hit by Justin Faulk.
12:22 of 1st period - Shot by Alexander Ovechkin.
12:22 of 1st period - Shot Misses the Net.
12:53 of 1st period - Shot by Mathieu Perreault.
12:53 of 1st period - Shot Misses the Net.
12:55 of 1st period - Shot by Mathieu Perreault.
12:55 of 1st period - Stopped by Jonathan Quick without a rebound.
12:56 of 1st period - Mathieu Perreault wins face-off versus Sean Bergenheim in Kings zone.
13:09 of 1st period - Shot by Mathieu Perreault.
13:09 of 1st period - Stopped by Jonathan Quick without a rebound.
13:10 of 1st period - Antoine Vermette wins face-off versus David Desharnais in Kings zone.
13:25 of 1st period - Shot by Mike Green.
13:25 of 1st period - Shot Misses the Net.
13:27 of 1st period - Shot by Ryane Clowe.
13:27 of 1st period - Shot Misses the Net.
14:05 of 1st period - Shot by Jeff Halpern.
14:05 of 1st period - Stopped by Jonathan Quick without a rebound.
14:06 of 1st period - Mathieu Perreault wins face-off versus Brian Boyle in Kings zone.
14:25 of 1st period - Shot by Brian Boyle.
14:25 of 1st period - Shot Blocked by Kimmo Timonen.
14:27 of 1st period - Shot by Sean Bergenheim.
14:27 of 1st period - Shot Misses the Net.
15:04 of 1st period - Icing by Douglas Murray.
15:05 of 1st period - Antoine Vermette wins face-off versus David Desharnais in Capitals zone.
15:08 of 1st period - Shot by Antoine Vermette.
15:08 of 1st period - Stopped by Jimmy Howard without a rebound.
15:09 of 1st period - Andrew Desjardins wins face-off versus Antoine Vermette in Capitals zone.
15:11 of 1st period - Icing by Tomas Fleischmann.
15:12 of 1st period - Matt Duchene wins face-off versus Andrew Desjardins in Capitals zone.
15:17 of 1st period - Shot by Antoine Vermette.
15:17 of 1st period - Shot Misses the Net.
15:25 of 1st period - Shot by Antoine Vermette.
15:25 of 1st period - Deflect By Matt Duchene.
15:25 of 1st period - Stopped by Jimmy Howard without a rebound.
15:26 of 1st period - Brian Boyle wins face-off versus David Desharnais in Capitals zone.
16:07 of 1st period - Shot by Jamie McBain.
16:07 of 1st period - Deflect By Michael Frolik.
16:07 of 1st period - Stopped by Jimmy Howard without a rebound.
16:08 of 1st period - Mathieu Perreault wins face-off versus Antoine Vermette in Capitals zone.
16:37 of 1st period - Shot by Ryane Clowe.
16:37 of 1st period - Deflect By Mathieu Perreault.
16:37 of 1st period - Stopped by Jonathan Quick without a rebound.
16:37 of 1st period - Minor Penalty to Jonathan Quick for Slashing.
16:38 of 1st period - Mathieu Perreault wins face-off versus Antoine Vermette in Kings zone.
17:04 of 1st period - Shot by Jiri Tlusty.
17:04 of 1st period - Stopped by Jonathan Quick without a rebound.
17:05 of 1st period - Sean Bergenheim wins face-off versus David Desharnais in Kings zone.
17:16 of 1st period - Shot by Ryan McDonagh.
17:16 of 1st period - Deflect By Alexander Ovechkin.
17:16 of 1st period - Stopped by Jonathan Quick with a rebound.
17:18 of 1st period - Shot by Alexander Ovechkin.
17:18 of 1st period - Stopped by Jonathan Quick without a rebound.
17:19 of 1st period - Antoine Vermette wins face-off versus David Desharnais in Kings zone.
17:19 of 1st period - Antoine Vermette is hit by Alexander Ovechkin.
17:31 of 1st period - Shot by Justin Faulk.
17:31 of 1st period - Stopped by Jimmy Howard without a rebound.
17:32 of 1st period - Antoine Vermette wins face-off versus Mathieu Perreault in Capitals zone.
17:39 of 1st period - Sergei Gonchar is hit by Andrew Desjardins.
17:59 of 1st period - Shot by Alexander Semin.
17:59 of 1st period - Stopped by Jonathan Quick without a rebound.
18:00 of 1st period - Sean Bergenheim wins face-off versus Alexander Ovechkin in Kings zone.
18:09 of 1st period - Justin Faulk is hit by Alexander Ovechkin and loses puck.
18:22 of 1st period - Shot by Ryan McDonagh.
18:22 of 1st period - Stopped by Jonathan Quick without a rebound.
18:23 of 1st period - Antoine Vermette wins face-off versus Jiri Tlusty in Kings zone.
18:49 of 1st period - Icing by Matt Taormina.
18:50 of 1st period - Luke Adam wins face-off versus David Desharnais in Kings zone.
18:50 of 1st period - Luke Adam is hit by Alexander Ovechkin.
18:53 of 1st period - Matt Taormina is hit by Alexander Ovechkin and loses puck.
19:16 of 1st period - Shot by Luke Adam.
19:16 of 1st period - Stopped by Jimmy Howard without a rebound.
19:17 of 1st period - Antoine Vermette wins face-off versus Mathieu Perreault in Capitals zone.
19:52 of 1st period - Shot by Ryane Clowe.
19:52 of 1st period - Shot Misses the Net.
19:59 of 1st period - Taylor Hall is hit by Vyacheslav Voynov and loses puck.

2nd period


0:01 of 2nd period - Erik Condra wins face-off versus Matt Stajan in neutral zone.
0:32 of 2nd period - Antoine Vermette is hit by Kimmo Timonen and loses puck.
1:03 of 2nd period - Shot by David Desharnais.
1:03 of 2nd period - Shot Misses the Net.
1:23 of 2nd period - Shot by David Desharnais.
1:23 of 2nd period - Shot Blocked by Sergei Gonchar.
1:25 of 2nd period - Shot by Douglas Murray.
1:25 of 2nd period - Shot Misses the Net.
1:27 of 2nd period - Shot by Alexander Ovechkin.
1:27 of 2nd period - Deflect By Alexander Semin.
1:27 of 2nd period - Shot Misses the Net.
1:34 of 2nd period - Minor Penalty to Jeff Halpern for Tripping.
1:35 of 2nd period - Wojtek Wolski wins face-off versus Matt Stajan in Capitals zone.
3:06 of 2nd period - Shot by Matt Taormina.
3:06 of 2nd period - Shot Misses the Net.
3:32 of 2nd period - Shot by Sergei Gonchar.
3:32 of 2nd period - Stopped by Jimmy Howard without a rebound.
3:33 of 2nd period - Antoine Vermette wins face-off versus Mathieu Perreault in Capitals zone.
3:44 of 2nd period - Shot by Jarret Stoll.
3:44 of 2nd period - Shot Misses the Net.
4:02 of 2nd period - Shot by Jarret Stoll.
4:02 of 2nd period - Stopped by Jimmy Howard without a rebound.
4:03 of 2nd period - Andrew Desjardins wins face-off versus Luke Adam in Capitals zone.
4:03 of 2nd period - Andrew Desjardins is hit by Wojtek Wolski.
5:13 of 2nd period - Shot by Jonathon Blum.
5:13 of 2nd period - Shot Blocked by Mike Green.
5:34 of 2nd period - Icing by Matt Taormina.
5:35 of 2nd period - Brian Boyle wins face-off versus David Desharnais in Kings zone.
5:44 of 2nd period - Shot by Willie Mitchell.
5:44 of 2nd period - Stopped by Jonathan Quick without a rebound.
5:45 of 2nd period - David Desharnais wins face-off versus Antoine Vermette in Kings zone.
6:38 of 2nd period - Icing by Justin Faulk.
6:39 of 2nd period - Antoine Vermette wins face-off versus Andrew Desjardins in Kings zone.
7:21 of 2nd period - Icing by Vyacheslav Voynov.
7:22 of 2nd period - Mathieu Perreault wins face-off versus Brian Boyle in Kings zone.
7:25 of 2nd period - Shot by Taylor Hall.
7:25 of 2nd period - Shot Blocked by Sergei Gonchar.
7:27 of 2nd period - Shot by Ryan McDonagh.
7:27 of 2nd period - Shot Blocked by Vyacheslav Voynov.
7:29 of 2nd period - Shot by Taylor Hall.
7:29 of 2nd period - Shot Misses the Net.
7:31 of 2nd period - Shot by Taylor Hall.
7:31 of 2nd period - Stopped by Jonathan Quick without a rebound.
7:32 of 2nd period - David Desharnais wins face-off versus Luke Adam in Kings zone.
7:47 of 2nd period - Shot by Wojtek Wolski.
7:47 of 2nd period - Stopped by Jimmy Howard without a rebound.
7:48 of 2nd period - Antoine Vermette wins face-off versus Mathieu Perreault in Capitals zone.
7:48 of 2nd period - Matt Duchene is hit by Mike Green and loses puck.
9:26 of 2nd period - Shot by Brian Boyle.
9:26 of 2nd period - Stopped by Jimmy Howard without a rebound.
9:27 of 2nd period - Alexander Semin wins face-off versus Luke Adam in Capitals zone.
9:27 of 2nd period - Alexander Semin is hit by Wojtek Wolski.
9:45 of 2nd period - Kimmo Timonen is hit by Wojtek Wolski and loses puck.
9:49 of 2nd period - Cory Sarich is hit by Ryan Johansen and loses puck.
9:59 of 2nd period - David Desharnais is hit by Jonathon Blum.
10:00 of 2nd period - Minor Penalty to Jonathon Blum for Boarding.
10:01 of 2nd period - Antoine Vermette wins face-off versus Mathieu Perreault in Kings zone.
10:01 of 2nd period - Sergei Gonchar is hit by Jiri Tlusty and loses puck.
10:17 of 2nd period - Shot by Marc Methot.
10:17 of 2nd period - Shot Misses the Net.
10:19 of 2nd period - Shot by Ryan McDonagh.
10:19 of 2nd period - Shot Misses the Net.
10:21 of 2nd period - Shot by Ryan McDonagh.
10:21 of 2nd period - Shot Blocked by Vyacheslav Voynov.
10:25 of 2nd period - Shot by Ryan McDonagh.
10:25 of 2nd period - Shot Misses the Net.
10:27 of 2nd period - Shot by Ryan McDonagh.
10:27 of 2nd period - Stopped by Jonathan Quick without a rebound.
10:28 of 2nd period - David Desharnais wins face-off versus Antoine Vermette in Kings zone.
10:29 of 2nd period - Shot by Alexander Semin.
10:29 of 2nd period - Stopped by Jonathan Quick without a rebound.
10:30 of 2nd period - Antoine Vermette wins face-off versus David Desharnais in Kings zone.
10:30 of 2nd period - Antoine Vermette is hit by Ryane Clowe.
10:59 of 2nd period - Shot by Alexander Semin.
10:59 of 2nd period - Shot Blocked by Sergei Gonchar.
11:01 of 2nd period - Shot by Ryane Clowe.
11:01 of 2nd period - Deflect By Alexander Ovechkin.
11:01 of 2nd period - Goal by Alexander Ovechkin - Capitals : 2 - Kings : 1.
11:02 of 2nd period - Andrew Desjardins wins face-off versus Luke Adam in neutral zone.
11:02 of 2nd period - Andrew Desjardins is hit by Ryan Johansen.
12:30 of 2nd period - Ryane Clowe is hit by Brian Boyle and loses puck.
13:07 of 2nd period - Shot by Alexander Ovechkin.
13:07 of 2nd period - Shot Blocked by Matt Taormina.
13:37 of 2nd period - Shot by Ryane Clowe.
13:37 of 2nd period - Shot Hit the Post.
13:39 of 2nd period - Shot by Kimmo Timonen.
13:39 of 2nd period - Shot Blocked by Matt Taormina.
13:41 of 2nd period - Shot by Jiri Tlusty.
13:41 of 2nd period - Shot Misses the Net.
13:51 of 2nd period - Erik Condra is hit by Jiri Tlusty and loses puck.
15:15 of 2nd period - Shot by Michael Frolik.
15:15 of 2nd period - Shot Blocked by Alexander Ovechkin.
15:44 of 2nd period - Alexander Ovechkin is hit by Brian Boyle and loses puck.
17:01 of 2nd period - Icing by Mike Green.
17:02 of 2nd period - Brian Boyle wins face-off versus Mathieu Perreault in Capitals zone.
17:05 of 2nd period - Shot by Michael Frolik.
17:05 of 2nd period - Stopped by Jimmy Howard with a rebound.
17:13 of 2nd period - Shot by Mathieu Perreault.
17:13 of 2nd period - Stopped by Jonathan Quick without a rebound.
17:14 of 2nd period - Antoine Vermette wins face-off versus Andrew Desjardins in Kings zone.
17:33 of 2nd period - Shot by Matt Duchene.
17:33 of 2nd period - Stopped by Jimmy Howard without a rebound.
17:34 of 2nd period - Mathieu Perreault wins face-off versus Brian Boyle in Capitals zone.
18:57 of 2nd period - Minor Penalty to Antoine Vermette for Hooking.
18:58 of 2nd period - David Desharnais wins face-off versus Ryan Johansen in Kings zone.
19:43 of 2nd period - Off-side.
19:44 of 2nd period - Jarret Stoll wins face-off versus Mathieu Perreault in neutral zone.

3rd period


0:01 of 3rd period - David Desharnais wins face-off versus Ryan Johansen in neutral zone.
0:06 of 3rd period - Shot by David Desharnais.
0:06 of 3rd period - Shot Blocked by Sergei Gonchar.
0:31 of 3rd period - Shot by Alexander Ovechkin.
0:31 of 3rd period - Shot Misses the Net.
0:33 of 3rd period - Shot by Alexander Semin.
0:33 of 3rd period - Shot Misses the Net.
1:01 of 3rd period - Shot by Tomas Fleischmann.
1:01 of 3rd period - Shot Misses the Net.
1:14 of 3rd period - Icing by Douglas Murray.
1:15 of 3rd period - Matt Hendricks wins face-off versus Jeff Halpern in Capitals zone.
2:07 of 3rd period - Shot by Taylor Hall.
2:07 of 3rd period - Shot Misses the Net.
3:01 of 3rd period - Shot by Alexander Semin.
3:01 of 3rd period - Stopped by Jonathan Quick without a rebound.
3:02 of 3rd period - Luke Adam wins face-off versus Matt Stajan in Kings zone.
4:12 of 3rd period - Shot by Michael Frolik.
4:12 of 3rd period - Shot Misses the Net.
4:18 of 3rd period - Shot by Brian Boyle.
4:18 of 3rd period - Shot Misses the Net.
4:20 of 3rd period - Shot by Jonathon Blum.
4:20 of 3rd period - Shot Misses the Net.
4:22 of 3rd period - Shot by Brian Boyle.
4:22 of 3rd period - Stopped by Jimmy Howard without a rebound.
4:23 of 3rd period - Antoine Vermette wins face-off versus Andrew Desjardins in Capitals zone.
5:48 of 3rd period - Shot by Michael Frolik.
5:48 of 3rd period - Goal by Michael Frolik - Capitals : 2 - Kings : 2.
5:49 of 3rd period - Sean Bergenheim wins face-off versus David Desharnais in neutral zone.
6:17 of 3rd period - Shot by Michael Frolik.
6:17 of 3rd period - Stopped by Jimmy Howard with a rebound.
7:15 of 3rd period - Shot by Ryan Johansen.
7:15 of 3rd period - Stopped by Jimmy Howard without a rebound.
7:16 of 3rd period - Antoine Vermette wins face-off versus Andrew Desjardins in Capitals zone.
7:28 of 3rd period - Off-side.
7:29 of 3rd period - Matt Stajan wins face-off versus Matt Hendricks in neutral zone.
7:40 of 3rd period - Shot by Jiri Tlusty.
7:40 of 3rd period - Stopped by Jonathan Quick without a rebound.
7:41 of 3rd period - Andrew Desjardins wins face-off versus Antoine Vermette in Kings zone.
7:44 of 3rd period - Shot by Tomas Fleischmann.
7:44 of 3rd period - Shot Misses the Net.
8:36 of 3rd period - Shot by Ryane Clowe.
8:36 of 3rd period - Shot Misses the Net.
8:38 of 3rd period - Shot by Taylor Hall.
8:38 of 3rd period - Stopped by Jonathan Quick without a rebound.
8:39 of 3rd period - Brian Boyle wins face-off versus David Desharnais in Kings zone.
8:51 of 3rd period - Off-side.
8:52 of 3rd period - Luke Adam wins face-off versus Mathieu Perreault in neutral zone.
9:04 of 3rd period - Taylor Hall is hit by Matt Taormina and loses puck.
9:46 of 3rd period - Shot by Michael Frolik.
9:46 of 3rd period - Stopped by Jimmy Howard without a rebound.
9:47 of 3rd period - Brian Boyle wins face-off versus Andrew Desjardins in Capitals zone.
10:09 of 3rd period - Brian Boyle is hit by Kimmo Timonen and loses puck.
10:40 of 3rd period - Shot by Matt Duchene.
10:40 of 3rd period - Shot Misses the Net.
10:46 of 3rd period - Antoine Vermette is hit by Andrew Desjardins and loses puck.
11:08 of 3rd period - Shot by Douglas Murray.
11:08 of 3rd period - Stopped by Jonathan Quick without a rebound.
11:09 of 3rd period - Luke Adam wins face-off versus Alexander Semin in Kings zone.
11:38 of 3rd period - Shot by Alexander Semin.
11:38 of 3rd period - Stopped by Jonathan Quick with a rebound.
11:40 of 3rd period - Shot by Douglas Murray.
11:40 of 3rd period - Deflect By Alexander Ovechkin.
11:40 of 3rd period - Stopped by Jonathan Quick without a rebound.
11:41 of 3rd period - Antoine Vermette wins face-off versus Mathieu Perreault in Kings zone.
11:46 of 3rd period - Shot by Matt Duchene.
11:46 of 3rd period - Goal by Matt Duchene - Capitals : 2 - Kings : 3.
11:47 of 3rd period - Antoine Vermette wins face-off versus Jiri Tlusty in neutral zone.
12:11 of 3rd period - Shot by Erik Condra.
12:11 of 3rd period - Shot Blocked by Kimmo Timonen.
12:55 of 3rd period - Shot by Alexander Ovechkin.
12:55 of 3rd period - Stopped by Jonathan Quick without a rebound.
12:56 of 3rd period - Tomas Fleischmann wins face-off versus Luke Adam in Kings zone.
13:09 of 3rd period - Shot by Matt Taormina.
13:09 of 3rd period - Shot Blocked by Willie Mitchell.
14:09 of 3rd period - Shot by Brian Boyle.
14:09 of 3rd period - Stopped by Jimmy Howard without a rebound.
14:10 of 3rd period - Antoine Vermette wins face-off versus Mathieu Perreault in Capitals zone.
14:14 of 3rd period - Minor Penalty to Cory Sarich for Interference.
14:15 of 3rd period - Jeff Halpern wins face-off versus Brian Boyle in Capitals zone.
14:32 of 3rd period - Ryan McDonagh is hit by Brian Boyle.
15:39 of 3rd period - Icing by Luke Adam.
15:40 of 3rd period - Antoine Vermette wins face-off versus Jeff Halpern in Kings zone.
15:45 of 3rd period - Shot by Justin Faulk.
15:45 of 3rd period - Stopped by Jimmy Howard without a rebound.
15:46 of 3rd period - Jeff Halpern wins face-off versus Antoine Vermette in Capitals zone.
16:39 of 3rd period - Shot by Jonathon Blum.
16:39 of 3rd period - Stopped by Jimmy Howard without a rebound.
16:40 of 3rd period - David Desharnais wins face-off versus Luke Adam in Capitals zone.
16:52 of 3rd period - Justin Faulk is hit by Alexander Ovechkin and loses puck.
17:19 of 3rd period - Icing by Justin Faulk.
17:20 of 3rd period - Wojtek Wolski wins face-off versus Mathieu Perreault in Kings zone.
17:45 of 3rd period - Shot by Ryane Clowe.
17:45 of 3rd period - Stopped by Jonathan Quick without a rebound.
17:46 of 3rd period - Antoine Vermette wins face-off versus Andrew Desjardins in Kings zone.
18:01 of 3rd period - Shot by Erik Condra.
18:01 of 3rd period - Stopped by Jimmy Howard with a rebound.
18:03 of 3rd period - Shot by Erik Condra.
18:03 of 3rd period - Deflect By Matt Duchene.
18:03 of 3rd period - Goal by Matt Duchene - Capitals : 2 - Kings : 4.
18:04 of 3rd period - Brian Boyle wins face-off versus Matt Stajan in neutral zone.
18:30 of 3rd period - Shot by Matt Stajan.
18:30 of 3rd period - Shot Misses the Net.
18:32 of 3rd period - Shot by Jiri Tlusty.
18:32 of 3rd period - Shot Misses the Net.
18:49 of 3rd period - Minor Penalty to Alexander Ovechkin for Interference.
18:50 of 3rd period - Jeff Halpern wins face-off versus Sean Bergenheim in Capitals zone.
18:55 of 3rd period - Antoine Vermette is hit by Andrew Desjardins and loses puck.
19:47 of 3rd period - Icing by Michael Frolik.
19:48 of 3rd period - Andrew Desjardins wins face-off versus Brian Boyle in Kings zone.


Output by the SimonT Hockey Simulator (STHS) for Stephane Roy -- Original Page W3C XHTML 1.0 Valid
Hockey Simulator - Hockey Simulation - Hockey Manager